 Dungeon Crawl Stone Soup version 0.21.1-1-g345015fe64 (webtiles) character file.

116503 Kisielow the Fencer (level 16, -6/149 HPs)
             Began as a Minotaur Fighter on June 2, 2018.
             Was a High Priest of Okawaru.
             Mangled by a merfolk impaler
             ... wielding a +0 trident
              (14 damage)
             ... on level 2 of the Shoals.
             The game lasted 01:08:54 (27168 turns).

Kisielow the Fencer (Minotaur Fighter)             Turns: 27168, Time: 01:08:55

Health: -6/149     AC: 44    Str: 29    XL:     16   Next: 21%
Magic:  14/21      EV: 11    Int: 10    God:    Okawaru [*****.]
Gold:   2325       SH: 16    Dex: 12    Spells: 15/15 levels left

rFire    . . .     SeeInvis .   e - +5 falchion of Exoneration {slice, rC- rN+ Str+3 Int+5}
rCold    x . .     Gourm    .   c - +0 shield
rNeg     + . .     Faith    .   q - +10 plate armour {ponderous}
rPois    +         Spirit   .   I - +2 hat
rElec    +         Reflect  .   b - +2 cloak "Vany" {+Fly rElec}
rCorr    .         Harm     .   p - +2 pair of gloves
MR       +....                  (no boots)
Stlth    ..........             d - amulet of regeneration
HPRegen  0.74/turn              m - ring of poison resistance
MPRegen  0.17/turn              s - +6 ring of protection

@: heroism, finesse, very slow
A: retaliatory headbutt, hooves 1, horns 2
a: Heroism, Finesse, Renounce Religion, Evoke Flight


You were on level 2 of the Shoals.
You worshipped Okawaru.
Okawaru was extremely pleased with you.
You were not hungry.

You visited 5 branches of the dungeon, and saw 26 of its levels.

You collected 2621 gold pieces.
You spent 296 gold pieces at shops.

Inventory:

Hand Weapons
 e - the +5 falchion of Exoneration (weapon) {slice, rC- rN+ Str+3 Int+5}
   (Okawaru gifted it to you on level 2 of the Lair of Beasts)

   It inflicts extra damage upon your enemies.
   It affects your strength (+3).
   It affects your intelligence (+5).
   It makes you vulnerable to cold.
   It protects you from negative energy.
 H - a +0 short sword
Armour
 b - the +2 cloak "Vany" (worn) {+Fly rElec}
   (Okawaru gifted it to you on level 10 of the Dungeon)

   It insulates you from electricity.
   It lets you fly.
 c - a +0 shield (worn)
 g - a +2 cloak of magic resistance
 i - the +1 plate armour "Femevaoq" {-Tele rN+ Dex+3 Stlth+}
   (Okawaru gifted it to you on level 2 of the Shoals)

   It affects your dexterity (+3).
   It protects you from negative energy.
   It prevents most forms of teleportation.
   It makes you more stealthy.
 p - a +2 pair of gloves (worn)
 q - a +10 plate armour of ponderousness (worn)
 I - a +2 hat (worn)
Jewellery
 d - an amulet of regeneration (around neck)
 k - an uncursed ring of protection from cold
 m - a ring of poison resistance (left hand)
 o - an uncursed ring of positive energy
 s - a +6 ring of protection (right hand)
 y - a +2 ring of dexterity
 A - an uncursed ring of protection from fire
Wands
 t - a wand of clouds (2)
 x - a wand of acid (15)
 C - a wand of iceblast (6)
 L - a wand of disintegration (7)
Scrolls
 h - 4 scrolls of identify
 l - 7 scrolls of remove curse
 n - 3 scrolls of enchant armour
 u - 7 scrolls of magic mapping
 v - 5 scrolls of teleportation
 z - 4 scrolls of enchant weapon
 F - 2 scrolls of fog
 G - 4 scrolls of amnesia
Potions
 j - a potion of brilliance
 r - 10 potions of flight
 w - 3 potions of curing
 D - 2 potions of agility
Books
 a - a book of the Dragon

   Spells                             Type                      Level
   a - Flame Tongue                   Conjuration/Fire             1
   b - Cause Fear                     Hexes                        4
   c - Bolt of Fire                   Conjuration/Fire             6
   d - Dragon Form                    Transmutation                7
   e - Dragon's Call                  Summoning                    9
Comestibles
 f - 32 rations
 B - 4 chunks of flesh


   Skills:
 + Level 15.0(20.0) Fighting
 * Level 18.3(23.3) Long Blades
 + Level 14.9(19.9) Armour
 + Level 15.0(20.0) Shields
 - Level 8.5 Invocations
 - Level 7.9 Evocations


You had 15 spell levels left.
You didn't know any spells.

Dungeon Overview and Level Annotations

Branches:
Dungeon (15/15)            Temple (1/1) D:6            Lair (6/6) D:11
 Shoals (2/4) Lair:4        Snake (0/4) Lair:4        Slime (0/5) Lair:6
    Orc (2/2) D:12            Elf (0/3) Orc:2        Vaults (0/5) D:14
 Depths (0/5) D:15

Altars:
Ashenzari
Cheibriados
Dithmenos
Elyvilon
Fedhas
Gozag
Hepliaklqana
Kikubaaqudgha
Makhleb
Nemelex Xobeh
Okawaru
Qazlal
Ru
Sif Muna
Trog
Uskayaw
Vehumet
Wu Jian
Xom
Yredelemnul
Zin
The Shining One

Shops:
D:4 [   D:8 [   D:9 :   D:13 (   Orc:1 ((   Orc:2 *[(=


Innate Abilities, Weirdness & Mutations

You reflexively headbutt those who attack you in melee.
You have a pair of horns on your head.
You have large cloven feet.


Message History

The merfolk closely misses you. You block the merfolk's attack.
The merfolk hits you from afar with a spear!
The merfolk impaler hits you but does no damage.
The water nymph touches you. The water nymph drowns you!
You are too injured to fight recklessly!
You are too injured to fight recklessly!
You are too injured to fight recklessly!
Unknown command.
You are too injured to fight recklessly!
You are too injured to fight recklessly!
You block the merfolk's attack. You block the merfolk impaler's attack.
You block the merfolk's attack. x2; The merfolk closely misses you.
The water nymph points at you and mumbles some strange words.
The water swirls and strikes you!
* * * LOW HITPOINT WARNING * * *
The merfolk impaler hits you but does no damage.
The merfolk hits you but does no damage.
The merfolk barely misses you.
The merfolk impaler hits you with a trident!
You die...

)......#.PP≈≈≈≈≈≈≈.#..≈≈≈≈#
)).)......≈≈P≈≈≈≈(≈..≈≈≈≈≈#
###<)...P.≈P≈≈≈≈≈≈≈≈≈)≈≈≈≈#
#.##..P.≈≈≈≈≈≈≈≈≈≈≈≈≈≈≈≈#
#.######.≈≈≈≈≈≈≈≈≈≈≈≈≈≈≈#
..# #.≈≈≈≈.≈≈≈≈≈≈≈≈≈.# .>..
.≈≈≈≈≈≈≈(≈≈≈≈≈≈≈≈.# ≈≈≈≈≈
.≈≈≈≈≈≈≈(≈≈≈≈≈≈≈≈≈# ≈≈≈≈≈
.≈≈≈≈≈≈≈@mY≈≈≈≈≈≈≈# ≈≈≈≈≈.
≈≈≈≈≈mmmm≈≈≈≈≈≈≈≈#
≈≈≈≈≈≈mC≈≈≈≈≈≈≈≈
≈≈≈≈≈≈≈..≈≈≈≈≈≈
....Y≈≈.≈≈≈≈≈≈≈
≈≈...≈≈≈≈≈≈≈≈≈≈
≈≈...≈≈≈≈≈≈≈≈≈≈
≈≈≈≈≈≈≈≈≈≈≈≈≈≈≈


You could see a merfolk impaler, 4 merfolk, a cyclops, a water nymph and 2 dream
sheep.

Vanquished Creatures
  Rupert (Lair:3)
  Gastronok (Orc:1)
  Agnes (D:15)
  An orc warlord (Orc:2)
  Nessos (Lair:6)
  Snorg (Orc:1)
  2 fire dragons (D:15)
  Josephine (D:15)
  The ghost of NoiZ the Blocker, a journeyman MiFi (Lair:2)
  Fannar (D:10)
  Erolcha (D:11)
  A catoblepas (Lair:6)
  9 hydras
  5 centaur warriors
  A merfolk aquamancer (Shoals:1)
  An ogre mage (Orc:1)
  3 two-headed ogres
  15 death yaks
  A tengu warrior (D:15)
  A deep troll shaman (Lair:6)
  Urug (Lair:5)
  The ghost of Leomar the Basher, a novice HuFi of Okawaru (D:9)
  Sonja (Lair:2)
  2 orc high priests
  2 sea snakes (Shoals:1)
  4 skeletal warriors (D:15)
  A lindwurm (Lair:6)
  10 orc knights
  3 harpies (Shoals:1)
  6 manticores
  2 orc sorcerers
  7 slime creatures (D:12)
  6 cyclopes
  10 ugly things
  6 merfolk sirens
  6 fauns
  5 elephants (Lair:6)
  6 centaur zombies
  Maurice (D:8)
  3 black mambas
  3 gargoyles
  A spiny frog (shapeshifter) (D:14)
  5 rime drakes
  13 spiny frogs
  3 kobold demonologists
  2 hellwings (D:10)
  A freezing wraith (D:15)
  6 komodo dragons
  A tengu conjurer (D:13)
  8 merfolk
  3 meliai (D:14)
  3 polar bears
  A jumping spider (shapeshifter) (D:14)
  A hornet (D:15)
  Grinder (D:4)
  6 trolls
  2 wind drakes
  14 hippogriffs
  6 blink frogs
  4 snapping turtles
  5 dream sheep
  A dream sheep (shapeshifter) (D:14)
  A meliai zombie (D:14)
  A shadow (D:13)
  5 water elementals
  Sigmund (D:3)
  5 wraiths (D:15)
  38 yaks
  3 wyverns
  2 hungry ghosts
  4 basilisks
  Grum (D:8)
  2 steam dragons
  A warg (Orc:1)
  A naga (Lair:4)
  2 acid dragons (D:13)
  12 water moccasins
  11 porcupines
  Duvessa (D:8)
  6 ice beasts
  33 orc warriors
  4 sky beasts
  6 black bears
  The ghost of Peloso the Shield-Bearer, an amateur MiFi (D:3)
  2 necrophages
  A phantom (D:5)
  A hornet zombie (D:13)
  15 ogres
  An eye of draining (D:10)
  12 wolves
  24 centaurs
  7 crocodiles
  5 big kobolds
  19 bullfrogs
  A wyvern zombie (D:12)
  A wyvern skeleton (D:11)
  Dowan (D:8)
  6 scorpions
  11 wights
  An electric eel (Lair:6)
  4 howler monkeys
  11 crimson imps
  8 centaur skeletons
  3 quasits
  6 hounds
  2 jellies
  3 bullfrog skeletons
  A gnoll shaman (D:8)
  18 orc priests
  Crazy Yiuf (D:3)
  4 iguanas
  21 orc wizards
  11 worker ants
  A hound skeleton (D:8)
  A howler monkey skeleton (D:4)
  9 gnolls
  8 adders
  11 shadow imps
  An ooze (D:1)
  An adder zombie (D:7)
  3 worms (D:3)
  4 dart slugs
  3 leopard geckos
  88 orcs
  3 giant cockroaches
  11 goblins
  9 hobgoblins
  6 jackals (D:9)
  3 quokkas
  5 bats
  4 frilled lizards
  24 kobolds
  13 rats
  2 plants
774 creatures vanquished.

Vanquished Creatures (others)
  An orc wizard (Orc:1)
  A bush (Lair:6)
  4 fungi
  5 plants
11 creatures vanquished.

Grand Total: 785 creatures vanquished

Notes
Turn   | Place    | Note
-------+----------+-------------------------------------------
     0 | D:1      | Kisielow the Minotaur Fighter began the quest for the Orb.
     0 | D:1      | Reached XP level 1. HP: 19/19 MP: 0/0
    57 | D:1      | Reached skill level 3 in Long Blades
   249 | D:1      | Reached XP level 2. HP: 19/26 MP: 1/1
   499 | D:1      | Reached skill level 4 in Long Blades
   646 | D:1      | Reached XP level 3. HP: 28/31 MP: 2/2
  1329 | D:2      | Reached skill level 5 in Long Blades
  1334 | D:2      | Reached XP level 4. HP: 24/39 MP: 3/3
  2251 | D:3      | Found a runed door.
  2255 | D:3      | Noticed Crazy Yiuf
  2262 | D:3      | Killed Crazy Yiuf
  2262 | D:3      | Reached XP level 5. HP: 26/46 MP: 4/4
  2479 | D:3      | Noticed Sigmund
  2489 | D:3      | Killed Sigmund
  2489 | D:3      | Reached skill level 6 in Long Blades
  2489 | D:3      | Reached XP level 6. HP: 44/53 MP: 5/5
  2518 | D:3      | Noticed Peloso's ghost (amateur MiFi)
  2542 | D:3      | Killed Peloso's ghost
  2912 | D:3      | Reached skill level 7 in Long Blades
  2941 | D:3      | Found a shattered altar of Ashenzari.
  3383 | D:3      | Reached XP level 7. HP: 54/60 MP: 6/6
  3714 | D:4      | Reached skill level 5 in Fighting
  3714 | D:4      | Reached skill level 5 in Armour
  3714 | D:4      | Reached skill level 5 in Shields
  3921 | D:4      | Found a radiant altar of Vehumet.
  4042 | D:4      | Found Essannam's Armour Boutique.
  4246 | D:4      | Reached skill level 8 in Long Blades
  4272 | D:4      | Found a faded altar of an unknown god.
  4272 | D:4      | Found a sacrificial altar of Ru.
  4282 | D:4      | Found a radiant altar of Vehumet.
  4285 | D:4      | Found a bloodstained altar of Trog.
  4287 | D:4      | Found a faded altar of an unknown god.
  4533 | D:4      | Noticed Grinder
  4541 | D:4      | Paralysed by Grinder for 6 turns
  4555 | D:4      | Killed Grinder
  4555 | D:4      | Reached XP level 8. HP: 56/70 MP: 7/7
  5000 | D:5      | Entered Level 5 of the Dungeon
  5206 | D:5      | Reached skill level 9 in Long Blades
  5771 | D:6      | Found a sparkling altar of Nemelex Xobeh.
  6069 | D:6      | Reached skill level 10 in Long Blades
  6090 | D:6      | Found a staircase to the Ecumenical Temple.
  6102 | D:6      | Reached XP level 9. HP: 78/78 MP: 8/8
  6112 | Temple   | Entered the Ecumenical Temple
  6229 | Temple   | Became a worshipper of Warmaster Okawaru
  7293 | D:7      | Noticed Dowan
  7293 | D:7      | Noticed Duvessa
  7309 | D:8      | Killed Dowan
  7313 | D:8      | Killed Duvessa
  7313 | D:8      | Reached * piety under Okawaru
  7778 | D:8      | Reached skill level 11 in Long Blades
  7966 | D:8      | Noticed Grum
  7986 | D:8      | Reached ** piety under Okawaru
  8008 | D:8      | Killed Grum
  8190 | D:8      | Reached XP level 10. HP: 88/88 MP: 9/9
  8263 | D:8      | Found Yce Xiag's Antique Armour Shoppe.
  8273 | D:8      | Gained mutation: You are weak. (Str -2) [potion of mutation]
  8273 | D:8      | Gained mutation: You have large cloven feet. [potion of mutation]
  8273 | D:8      | Lost mutation: You are weak. (Str -2) [potion of mutation]
  8606 | D:8      | Found a shadowy altar of Dithmenos.
  8626 | D:8      | Noticed Maurice
  8637 | D:8      | Killed Maurice
  8637 | D:8      | Reached *** piety under Okawaru
  8637 | D:8      | Reached skill level 12 in Long Blades
  9143 | D:9      | Noticed a two-headed ogre
  9152 | D:9      | Killed a two-headed ogre
  9152 | D:9      | Reached skill level 1 in Evocations
  9235 | D:9      | Found Liurej's Book Shop.
  9766 | D:9      | Noticed Leomar's ghost (novice HuFi)
  9787 | D:9      | Killed Leomar's ghost
  9787 | D:9      | Reached **** piety under Okawaru
  9912 | D:10     | Entered Level 10 of the Dungeon
  9976 | D:10     | Noticed Fannar
 10023 | D:10     | Killed Fannar
 10023 | D:10     | Reached ***** piety under Okawaru
 10023 | D:10     | Reached XP level 11. HP: 51/97 MP: 0/12
 10295 | D:10     | Noticed a centaur warrior
 10306 | D:10     | Killed a centaur warrior
 10388 | D:10     | Reached skill level 5 in Invocations
 10609 | D:10     | Received a gift from Okawaru
 10618 | D:10     | Got a polished cloak {god gift}
 10629 | D:10     | Identified the +2 cloak "Vany" {+Fly rElec} (Okawaru gifted it to you on level 10 of the Dungeon)
 10863 | D:11     | Noticed a purple ugly thing
 10881 | D:11     | Killed a purple ugly thing
 10881 | D:11     | Reached skill level 5 in Evocations
 11194 | D:11     | Noticed Erolcha
 11206 | D:11     | Killed Erolcha
 11206 | D:11     | Reached skill level 10 in Fighting
 11206 | D:11     | Reached skill level 10 in Armour
 11206 | D:11     | Reached skill level 10 in Shields
 11314 | D:11     | Noticed a green ugly thing
 11330 | D:11     | Killed a green ugly thing
 11576 | D:11     | Noticed a purple ugly thing
 11585 | D:11     | Killed a purple ugly thing
 11659 | D:11     | Found a staircase to the Lair.
 11719 | Lair:1   | Entered Level 1 of the Lair of Beasts
 11767 | Lair:1   | Reached XP level 12. HP: 75/106 MP: 15/15
 12901 | Lair:2   | Noticed NoiZ's ghost (journeyman MiFi)
 12923 | Lair:2   | Killed NoiZ's ghost
 12951 | Lair:2   | Received a gift from Okawaru
 12957 | Lair:2   | Got an ebony falchion {god gift}
 12958 | Lair:2   | Identified the +5 falchion of Exoneration {slice, rC- rN+ Str+3 Int+5} (Okawaru gifted it to you on level 2 of the Lair of Beasts)
 12961 | Lair:2   | Noticed Sonja
 12981 | Lair:2   | Killed Sonja
 13774 | Lair:3   | Noticed a five-headed hydra
 13784 | Lair:3   | Killed a five-headed hydra
 14100 | Lair:3   | Noticed Rupert
 14104 | Lair:3   | Paralysed by Rupert for 2 turns
 14119 | Lair:3   | Killed Rupert
 14119 | Lair:3   | Received a gift from Okawaru
 14128 | Lair:3   | Reached XP level 13. HP: 36/116 MP: 18/18
 14409 | Lair:3   | Reached ****** piety under Okawaru
 14737 | Lair:3   | Reached skill level 13 in Long Blades
 15093 | Lair:4   | Found a radiant altar of Vehumet.
 15424 | Lair:4   | Found a staircase to the Shoals.
 15933 | Lair:4   | Found a staircase to the Snake Pit.
 16641 | Lair:5   | Reached skill level 14 in Long Blades
 16993 | Lair:5   | Noticed Urug
 17008 | Lair:5   | Killed Urug
 17208 | Lair:6   | Entered Level 6 of the Lair of Beasts
 17270 | Lair:6   | Received a gift from Okawaru
 17491 | Lair:6   | Received a gift from Okawaru
 17515 | Lair:6   | Noticed Nessos
 17550 | Lair:6   | Killed Nessos
 17550 | Lair:6   | Reached XP level 14. HP: 110/127 MP: 14/19
 17931 | Lair:6   | Found a staircase to the Slime Pits.
 18399 | Lair:6   | Reached skill level 15 in Long Blades
 19337 | D:12     | Found a staircase to the Orcish Mines.
 19457 | D:12     | Got an encrusted scale mail
 19465 | D:12     | Identified the +0 scale mail of the Guardian {rPois Str-2 Dex+5} (You found it on level 12 of the Dungeon)
 20247 | D:13     | Received a gift from Okawaru
 20503 | D:13     | Reached skill level 16 in Long Blades
 20846 | D:13     | Found Qiutig's Weapon Shop.
 21033 | D:14     | Found a gate to the Vaults.
 21040 | D:14     | Received a gift from Okawaru
 21073 | D:14     | Reached XP level 15. HP: 137/137 MP: 20/20
 21817 | Orc:1    | Entered Level 1 of the Orcish Mines
 21817 | Orc:1    | Found Posujum's Antique Weapon Shop.
 21882 | Orc:1    | Noticed Gastronok
 21924 | Orc:1    | Killed Gastronok
 22153 | Orc:1    | Received a gift from Okawaru
 22159 | Orc:1    | Got an ancient ring mail {god gift}
 22177 | Orc:1    | Identified the +1 ring mail "Xulileitra" {Regen+ Dex+2} (Okawaru gifted it to you on level 1 of the Orcish Mines)
 22254 | Orc:1    | Found Qouck's Weapon Boutique.
 22455 | Orc:1    | Noticed Snorg
 22468 | Orc:1    | Killed Snorg
 22679 | Orc:2    | Entered Level 2 of the Orcish Mines
 22696 | Orc:2    | Found a staircase to the Elven Halls.
 22753 | Orc:2    | Found Rehu's General Store.
 22812 | Orc:2    | Found Zokkacog's Antique Armour Shoppe.
 23113 | Orc:2    | Reached skill level 17 in Long Blades
 23418 | Orc:2    | Noticed an orc warlord
 23441 | Orc:2    | Killed an orc warlord
 23550 | Orc:2    | Found Duhuaho's Antique Weapon Emporium.
 23558 | Orc:2    | Bought an ichor-stained falchion for 296 gold pieces
 23558 | Orc:2    | Identified the +3 falchion of Patufon {venom, rPois Str+2} (You bought it in a shop on level 2 of the Orcish Mines)
 23579 | Orc:2    | Found Mackenn's Jewellery Shop.
 23910 | D:15     | Entered Level 15 of the Dungeon
 23949 | D:15     | Noticed Agnes
 23960 | D:15     | Killed Agnes
 24414 | D:15     | Found an opulent altar of Gozag.
 24543 | D:15     | Noticed Josephine
 24552 | D:15     | Killed Josephine
 24777 | D:15     | Received a gift from Okawaru
 25229 | D:15     | Found a staircase to the Depths.
 25304 | D:15     | Received a gift from Okawaru
 25307 | D:15     | Got a bone trident {god gift}
 25308 | D:15     | Identified the +1 trident of Ypsusota {flame, rElec rF++} (Okawaru gifted it to you on level 15 of the Dungeon)
 25930 | Shoals:1 | Entered Level 1 of the Shoals
 26317 | Shoals:1 | Reached skill level 18 in Long Blades
 26317 | Shoals:1 | Reached XP level 16. HP: 128/147 MP: 21/21
 26896 | Shoals:2 | Received a gift from Okawaru
 26915 | Shoals:2 | Got a bloodstained plate armour {god gift}
 26916 | Shoals:2 | Identified the +1 plate armour "Femevaoq" {-Tele rN+ Dex+3 Stlth+} (Okawaru gifted it to you on level 2 of the Shoals)
 27123 | Shoals:2 | Reached skill level 15 in Shields
 27159 | Shoals:2 | Reached skill level 15 in Fighting
 27168 | Shoals:2 | Mangled by a merfolk impaler

Skill      XL: |  1  2  3  4  5  6  7  8  9 10 11 12 13 14 15 16 |
---------------+-------------------------------------------------+-----
Long Blades    | 3 4 5 6 7 8 10 11 12 14 16 18 | 18.3
Fighting       | 4 5 6 8 9 10 11 12 13 14 15 | 15.0
Armour         | 4 5 6 8 9 10 11 12 13 14 | 14.9
Shields        | 4 5 6 8 9 10 11 12 13 14 15 | 15.0
Invocations    | 3 6 8 |  8.5
Evocations     | 3 6 7 |  7.9

Action                   |  1- 3 |  4- 6 |  7- 9 | 10-12 | 13-15 | 16-18 || total
-------------------------+-------+-------+-------+-------+-------+-------++-------
Melee: Long sword        |    85 |   182 |   334 |   637 |       |       ||  1238
       Headbutt          |     8 |    26 |    69 |   201 |   504 |    72 ||   880
       Kick              |       |       |       |   310 |   724 |    89 ||  1123
       Falchion          |       |       |       |   122 |  1533 |   215 ||  1870
       Short sword       |       |       |       |       |    54 |       ||    54
Invok: Heroism           |       |       |       |     5 |     7 |     1 ||    13
       Finesse           |       |       |       |     3 |     6 |     1 ||    10
Evoke: Wand              |       |       |       |     6 |    21 |     1 ||    28
  Use: Potion            |       |     2 |     5 |     6 |     7 |     1 ||    21
       Scroll            |       |       |    17 |     9 |    20 |     1 ||    47
 Stab: Confused          |       |       |       |       |     1 |       ||     1
  Eat: Chunk             |     1 |     7 |    16 |    18 |    25 |     3 ||    70
       Ration            |       |       |       |     1 |     5 |       ||     6
Armor: Scale mail        |    31 |    66 |   142 |   151 |       |       ||   390
       Plate armour      |       |       |       |   235 |   871 |   110 ||  1216
Dodge: Dodged            |    22 |    39 |    87 |   170 |   310 |    42 ||   670
Block: Shield            |    31 |    75 |   157 |   401 |   976 |   116 ||  1756
       Rpst.: Long sword |     3 |    12 |    28 |    35 |       |       ||    78
       Falchion          |       |       |       |     7 |    67 |     9 ||    83
